 Dungeon Crawl Stone Soup version 0.20-a0-556-g892c87b (webtiles) character file.

1527991 nubinia the Archmage (level 27, 130/258 HPs)
             Began as a Purple Draconian Air Elementalist on Jan 27, 2017.
             Was the Champion of Ashenzari.
             Escaped with the Orb
             ... and 3 runes on Feb 5, 2017!
             The game lasted 18:38:25 (109375 turns).

nubinia the Archmage (DrAE)                       Turns: 109375, Time: 18:38:26

Health: 130/258    AC: 24    Str: 18    XL:     27
Magic:  20/54      EV: 43    Int: 23    God:    Ashenzari [******]
Gold:   4079       SH: 23    Dex: 33    Spells: 5/80 levels left

rFire    + . .     SeeInvis +   K - +7 Spriggan's Knife {MR+ EV+4 Dex+4 Stlth+} (curse)
rCold    + . .     Gourm    .   (armour unavailable)
rNeg     + . .     Faith    .   j - +5 shield {reflect} (curse)
rPois    +         Spirit   +   v - +2 hat of the Bear Spirit {Spirit, +Rage rN+ MR++} (curse)
rElec    +         Reflect  +   F - +2 cloak {MR+} (curse)
rCorr    .         Harm     .   r - +2 pair of gloves {Dex+3} (curse)
MR       +++++     Clarity  +   R - +2 pair of boots (curse)
Stlth    ++++......             H - amulet of the Albatross {RegenMP rPois rF+ Str+2 Dex+3} (curse)
Regen    2.0/turn               i - +5 ring of evasion (curse)
                                W - ring "Ralooh" {rElec rC+ MR+ Dex+5} (curse)

@: regenerating, deflect missiles
A: breathe power, unfitting armour, agile 1, berserk 1, clever 1, sense
surroundings 1, regeneration 1, strong 1, wild magic 1, no potion heal 1,
cold-blooded, MP-powered wands, AC +13
0: Orb of Zot
}: 3/15 runes: decaying, silver, gossamer
a: Breathe Dispelling Energy, Curse Item, Scrying, Transfer Knowledge, Renounce
Religion, Evoke Berserk Rage


You escaped.
You worshipped Ashenzari.
Ashenzari was exalted by your worship.
You were not hungry.

You visited 11 branches of the dungeon, and saw 53 of its levels.
You visited 1 bazaar.
You also visited: Trove, Volcano, Wizlab and Desolation.

You collected 10672 gold pieces.
You spent 6593 gold pieces at shops.

Inventory:

Hand Weapons
 K - the cursed +7 Spriggan's Knife (weapon) {MR+ EV+4 Dex+4 Stlth+}
   (You found it on level 3 of the Lair of Beasts)

   It affects your evasion (+4).
   It affects your dexterity (+4).
   It affects your resistance to hostile enchantments.
   It makes you more stealthy.
   It has a curse placed upon it.
Armour
 j - a cursed +5 shield of reflection (worn)
 r - a cursed +2 pair of gloves of dexterity (worn)
 v - the cursed +2 hat of the Bear Spirit (worn) {Spirit, +Rage rN+ MR++}
   (You bought it in a shop on level 3 of the Depths)

   It protects you from negative energy.
   It affects your resistance to hostile enchantments.
   It lets you go berserk.
   It has a curse placed upon it.
 F - a cursed +2 cloak of magic resistance (worn)
 R - a cursed +2 pair of boots (worn)
Jewellery
 i - a cursed +5 ring of evasion (right hand)
 H - the cursed amulet of the Albatross (around neck) {RegenMP rPois rF+ Str+2 Dex+3}
   (You found it on level 5 of the Vaults)

   [amulet of magic regeneration]

   It increases your magic regeneration.
   It affects your strength (+2).
   It affects your dexterity (+3).
   It protects you from fire.
   It protects you from poison.
   It has a curse placed upon it.
 W - the cursed ring "Ralooh" (left hand) {rElec rC+ MR+ Dex+5}
   (You found it on level 5 of the Vaults)

   [ring of protection from cold]

   It affects your dexterity (+5).
   It protects you from cold.
   It insulates you from electricity.
   It affects your resistance to hostile enchantments.
   It has a curse placed upon it.
Wands
 m - a wand of clouds (2/9)
 t - a wand of iceblast (10/15)
 x - a wand of digging (11/24)
 D - a wand of iceblast (12/15)
 M - a wand of iceblast (11/15)
 O - a wand of acid (9/15)
 U - a wand of scattershot (1/9)
 Y - a wand of lightning (12/15)
Scrolls
 g - 23 scrolls of identify
 h - a scroll of holy word
 o - 16 scrolls of recharging
 p - a scroll of summoning
 u - 6 scrolls of magic mapping
 w - 13 scrolls of remove curse
 A - 2 scrolls of fear
 C - 4 scrolls of fog
 G - 18 scrolls of teleportation
 T - 2 scrolls of amnesia
 Z - 8 scrolls of blinking
Potions
 b - 6 potions of cancellation
 c - 2 potions of heal wounds
 e - 20 potions of curing
 f - 4 potions of invisibility
 l - 6 potions of resistance
 n - 2 potions of cure mutation
 q - 7 potions of ambrosia
 s - 6 potions of flight
 z - 6 potions of haste
 N - 4 potions of might
 Q - 6 potions of magic
 S - 3 potions of brilliance
 V - a potion of berserk rage
Miscellaneous
 a - a fan of gales
 k - 2 sacks of spiders
 y - a lightning rod (3/4)
 B - a lamp of fire
 I - a phial of floods
 P - 3 phantom mirrors
Comestibles
 d - a chunk of flesh
 E - 26 meat rations


   Skills:
 * Level 23.2 Fighting
 - Level 12.1(16.3) Short Blades
   Level 4.5 Maces & Flails
 + Level 14.8(18.8) Dodging
 + Level 16.9(20.7) Stealth
 + Level 19.2(21.4) Shields
 O Level 27 Spellcasting
 - Level 14.0(18.0) Conjurations
 - Level 7.2(11.7) Hexes
 - Level 3.2(7.1) Charms
 - Level 1.9(5.1) Summonings
 - Level 4.0(8.2) Necromancy
 - Level 7.5(12.0) Translocations
 - Level 2.0(5.3) Fire Magic
 + Level 22.8(26.1) Air Magic
 - Level 1.1(3.7) Earth Magic
 - Level 1.0(3.5) Poison Magic
 * Level 9.7(14.0) Evocations


You had 5 spell levels left.
You knew the following spells:

 Your Spells              Type           Power        Failure   Level  Hunger
a - Iskenderun's Mystic   Conj           #######.     1%          4    None
b - Airstrike             Air            ########..   1%          4    None
c - Mephitic Cloud        Conj/Pois/Air  #######.     1%          3    None
d - Lightning Bolt        Conj/Air       ########..   1%          5    None
e - Freezing Cloud        Conj/Ice/Air   #######...   1%          6    None
f - Force Lance           Conj/Tloc      #######.     1%          4    None
g - Shroud of Golubria    Chrm/Tloc      #######...   1%          2    None
h - Passwall              Tmut/Erth      ######....   1%          2    None
i - Iskenderun's Battles  Conj/Chrm      #######.     1%          5    None
j - Poisonous Vapours     Pois/Air       ######       1%          2    None
k - Summon Lightning Spi  Summ/Air       #######.     1%          4    None
l - Yara's Violent Unrav  Hex/Tmut       ######....   4%          5    None
m - Passage of Golubria   Tloc           N/A          1%          4    None
n - Blink                 Tloc           N/A          1%          2    None
o - Deflect Missiles      Chrm/Air       #######...   1%          6    None
p - Bolt of Draining      Conj/Necr      #######...   1%          5    None
q - Fireball              Conj/Fire      #######...   1%          5    None
r - Apportation           Tloc           ######       1%          1    None
s - Swiftness             Chrm/Air       #######.     1%          2    None
R - Regeneration          Chrm/Necr      ######....   1%          3    None
S - Animate Skeleton      Necr           N/A          1%          1    None


Dungeon Overview and Level Annotations

Branches:
Dungeon (15/15)            Temple (1/1) D:7            Lair (6/6) D:8
  Swamp (4/4) Lair:4       Spider (4/4) Lair:3        Slime (0/5) Lair:6
    Orc (2/2) D:11            Elf (3/3) Orc:2        Vaults (5/5) D:13
  Crypt (3/3) Vaults:2       Tomb (0/3) Crypt:3      Depths (5/5) D:15
    Zot (5/5) Depths:5

Altars:
Ashenzari
Cheibriados
Dithmenos
Elyvilon
Fedhas
Gozag
Hepliaklqana
Kikubaaqudgha
Makhleb
Nemelex Xobeh
Okawaru
Qazlal
Ru
Sif Muna
Trog
Uskayaw
Vehumet
Xom
Yredelemnul
Zin
The Shining One
Beogh

Shops:
D:4 *   D:9 *   D:10 ?   D:12 (   D:13 *   Orc:2 *(*}   Elf:1 (   Elf:2 (
Vaults:1 *   Vaults:5 ?!??   Depths:3 [!*:   Depths:4 *!

Portals:
Hell: Depths:1 Depths:2 Depths:3 Depths:4 Depths:5
Abyss: Depths:1 Depths:4
Pandemonium: Orc:2 Depths:3 Depths:4 Depths:5
Ziggurat: Depths:4

Annotations:
D:3 dvd's ghost, amateur DsNe
D:4 Grinder
D:9 Gastronok
Swamp:3 exclusion: Roxanne, Roxanne
Crypt:2 exclusion: greater mummy, Khufu
Depths:4 exclusions: 2 cacodemons and eye of devastation
Zot:5 exclusion: sensed monster (detected)


Innate Abilities, Weirdness & Mutations

You can breathe bolts of dispelling energy.
Your rich purple scales are hard. (AC +13)
You cannot fit into any form of body armour.
You are cold-blooded and may be slowed by cold attacks.
You are agile. (Dex +2)
You tend to lose your temper in combat.
Your mind is acute. (Int +2)
You passively map a small area around you.
Your natural rate of healing is unusually fast.
Your muscles are strong. (Str +2)
Your spells are a little harder to cast, but a little more powerful.
Potions are less effective at restoring your health.
You expend magic power (3 MP) to strengthen your wands.


Message History

The barrage of energy hits the green death.
The green death is severely wounded.
Casting: Force Lance
Confirm with . or Enter, or press ? or * to list all spells.
Okay, then.
Unknown command.
Unknown command.
Unknown command.
Casting: Force Lance
Confirm with . or Enter, or press ? or * to list all spells.
Aiming: Iskenderun's Mystic Blast
Press: ? - help, Shift-Dir - straight line, f/p - green death
Aim: a green death (severely wounded)
The orb of energy hits the green death.
You kill the green death!
The orb of energy explodes!
Your battlesphere fires!
There is a staircase leading out of the dungeon here.
You can't go down here!
You have escaped!

.#
#.#.....##########.#####.
.########.#.....# #####.#
#. .?......>.).....#
#.....# #.
#########......## #.###.#
#. ####.#.# #.###.#####.
#.#.# #........... #.#(#
##..########.
##########...........(
### #...@*..#...#######..
..# #8.....8#...# #.# #.#
##.....###### #.# #.#####
#..8.8..# #####.# #.#...#
##.....########.....#
#.#.###
#.....#............#
#.#.#
#.8.8.#......#.###.#
#[#.#
#.....##.....#.###.#
#.#.#######
#.....##.#####.##>..


You could see a friendly battlesphere.

Vanquished Creatures
  3 ancient liches
  2 orbs of fire
  The ghost of tsouns the Conqueror, a legendary DsWr of Kikubaaqudgha (Zot:5)
  3 juggernauts
  Sojobo (Vaults:2)
  Bai Suzhen (Crypt:2)
  3 curse toes (Zot:4)
  16 golden dragons
  Xtahua (Vaults:5)
  6 Killer Klowns
  Nikola (Spider:3)
  Arachne (Spider:3)
  A bone dragon (Crypt:3)
  4 liches
  8 electric golems
  21 tentacled monstrosities
  The ghost of DEFE the Eclecticist, an adept DEAK of Lugonu (Depths:2)
  20 Orb Guardians (Zot:5)
  10 titans
  Asterion (Depths:1)
  11 quicksilver dragons
  2 deep elf blademasters (Elf:3)
  A deep elf master archer (Elf:3)
  8 sphinxes
  15 storm dragons
  10 tengu reavers
  9 death cobs
  14 shadow dragons
  2 ancient champions (Crypt:2)
  A thorn hunter (Swamp:4)
  13 draconian monks
  Donald (Spider:1)
  2 revenants
  6 ghost moths
  8 frost giants
  10 fire giants
  3 deep elf sorcerers
  10 vault wardens
  9 draconian scorchers
  7 ghouls
  14 draconian shifters
  7 emperor scorpions
  3 iron dragons
  7 draconian knights
  A juggernaut zombie (Depths:1)
  A curse skull (Crypt:1)
  5 draconian stormcallers
  6 war gargoyles
  15 ironheart preservers
  4 deep elf elementalists
  2 spriggan defenders
  13 draconian annihilators
  16 stone giants
  9 vampire knights
  21 very ugly things
  13 green draconians
  Azrael (Spider:1)
  6 entropy weavers
  11 deep elf demonologists
  8 white draconians
  16 spark wasps
  2 lorocyprocas
  11 deep elf annihilators
  2 pale draconians (Depths:5)
  22 yellow draconians
  20 black draconians
  15 red draconians
  16 purple draconians
  3 crystal guardians (Crypt:3)
  2 quicksilver dragon zombies
  9 deep elf death magi
  18 ettins
  A merfolk javelineer (Depths:4)
  3 eidola
  A green death (D:1)
  A minotaur (Depths:2)
  14 jiangshi
  9 statues (WizLab)
  17 yaktaur captains
  Josephine (D:15)
  12 fire dragons
  6 deep elf high priests
  12 great orbs of eyes
  13 ice dragons
  3 merfolk impalers
  5 quicksilver dragon skeletons
  27 hydras
  4 rakshasas
  3 peacekeepers (Vaults:1)
  28 vault guards
  4 spriggan air magi
  10 centaur warriors
  A death knight (Crypt:1)
  36 two-headed ogres
  8 alligators
  9 deep troll earth magi
  5 deep troll shamans
  6 tengu warriors
  34 dancing weapons
  9 vampire magi
  A queen ant (Lair:2)
  17 ogre magi
  5 death yaks
  2 soul eaters
  28 deep elf knights
  7 spriggan berserkers
  Sonja (D:13)
  11 orc high priests
  7 spriggans
  3 shock serpents (Zot:2)
  3 titan skeletons
  19 skeletal warriors
  11 hell knights
  3 storm dragon skeletons
  A sun demon (Orc:1)
  24 deep trolls
  The ghost of Klosterheim the Cleaver, a novice MiFi of Hepliaklqana (D:8)
  An iron troll (Depths:1)
  2 spriggan druids (Swamp:3)
  3 unseen horrors
  A sixfirhy (Zot:4)
  5 shadow wraiths
  7 wizards
  A ghost moth zombie (Crypt:3)
  2 gelid demonspawn (Orc:2)
  An orange crystal statue (Depths:4)
  12 deep elf archers
  4 glowing orange brains
  An anaconda zombie (Crypt:3)
  An entropy weaver zombie (Vaults:3)
  An iron giant skeleton (Crypt:2)
  11 swamp dragons
  4 flayed ghosts
  11 phantasmal warriors
  2 lindwurms (Swamp:4)
  An anaconda skeleton (Crypt:1)
  3 harpies
  A wolf spider zombie (Crypt:1)
  2 golden dragon skeletons
  A shambling mangrove (Swamp:3)
  17 ironbrand convokers
  8 necromancers
  16 orc knights
  A mana viper (shapeshifter) (Depths:3)
  26 orb spiders
  66 deep elf magi
  47 ugly things
  34 wolf spiders
  A human zombie (Vaults:3)
  2 salamanders (shapeshifter)
  An oklob plant (Lair:6)
  5 orc sorcerers
  6 cyclopes
  A salamander (Depths:2)
  A shadow dragon skeleton (Crypt:3)
  2 manticores (Elf:1)
  2 iron dragon skeletons
  A manticore (shapeshifter) (Depths:4)
  A frost giant skeleton (Crypt:1)
  20 moths of wrath
  2 fire giant skeletons (Crypt:1)
  2 rust devils (Orc:2)
  2 stone giant skeletons
  16 elephants
  3 black mambas
  2 torpor snails
  9 vault sentinels
  2 elephants (shapeshifter)
  26 spiny frogs
  A gargoyle (D:15)
  A shock serpent skeleton (Crypt:1)
  A titan simulacrum (Crypt:3)
  3 rime drakes
  7 demonic crawlers
  7 komodo dragons
  32 yaktaurs
  2 efreet
  3 freezing wraiths
  7 tengu conjurers
  A swamp worm zombie (Crypt:2)
  A small abomination (Vaults:3)
  2 hellwings
  A red devil (Orc:2)
  A red draconian skeleton (Crypt:1)
  14 tyrant leeches
  2 queen bees
  2 queen bees (shapeshifter)
  4 trolls
  32 jumping spiders
  5 raiju (Zot:2)
  A polar bear (Lair:5)
  A hornet (shapeshifter) (Vaults:3)
  12 hornets
  2 saltlings (Vaults:1)
  A tengu simulacrum (Vaults:1)
  2 hydra skeletons
  12 hippogriffs
  28 slime creatures
  Prince Ribbit (D:5)
  8 bog bodies
  A minotaur skeleton (Crypt:2)
  2 meliai zombies
  23 blink frogs
  2 snapping turtles (shapeshifter) (Depths:2)
  6 air elementals
  81 redbacks
  Sigmund (D:4)
  An ettin skeleton (Crypt:1)
  51 flying skulls
  2 shadows
  A tarantella (shapeshifter) (Depths:1)
  2 fire dragon skeletons (Crypt:1)
  A spriggan (shapeshifter) (Depths:2)
  34 tarantellas
  6 wraiths
  A basilisk (Lair:1)
  39 yaks
  A black mamba skeleton (Crypt:1)
  18 water elementals
  Grum (D:8)
  3 wyverns
  25 fire elementals
  A human (shapeshifter) (Vaults:4)
  4 hungry ghosts
  A chaos spawn (Orc:2)
  Menkaure (D:4)
  4 steam dragons
  24 swamp worms
  5 wargs
  18 vampire mosquitoes
  An acid dragon (shapeshifter) (Vaults:3)
  12 soldier ants (Lair:2)
  4 acid dragons
  10 insubstantial wisps
  14 water moccasins
  Duvessa (D:5)
  2 floating eyes (shapeshifter)
  A porcupine (shapeshifter) (Vaults:5)
  5 ice beasts
  3 floating eyes
  6 hell hounds
  11 swamp drakes
  52 orc warriors
  3 porcupines
  4 sky beasts
  An eye of draining (D:15)
  An ice dragon simulacrum (Depths:1)
  2 black bears
  An ettin simulacrum (Vaults:3)
  51 ogres
  3 necrophages
  4 phantoms
  6 centaurs
  2 wolves (D:8)
  2 boggarts
  2 manticore skeletons (Crypt:1)
  9 crocodiles
  A yaktaur zombie (Crypt:1)
  3 big kobolds
  2 earth elementals
  Blork the orc (D:4)
  35 bullfrogs
  3 wyvern zombies
  Dowan (D:5)
  A hippogriff skeleton (Crypt:2)
  A water moccasin zombie (D:5)
  4 scorpions
  A water moccasin skeleton (D:8)
  A yak zombie (Crypt:2)
  48 killer bees
  A human simulacrum (Vaults:1)
  12 wights
  4 howler monkeys
  9 electric eels
  6 crimson imps
  A centaur zombie (D:5)
  3 bullfrog zombies
  2 quasits
  30 orc priests
  3 jellies
  3 centaur skeletons
  14 hounds
  2 iron imps
  Crazy Yiuf (D:4)
  3 bullfrog skeletons
  5 iguanas
  5 lightning spires (Zot:2)
  25 orc wizards
  30 worker ants
  3 hound zombies
  4 hound skeletons
  Robin (D:4)
  A worker ant zombie (D:7)
  15 adders
  3 gnolls (D:6)
  2 white imps
  2 oozes (D:2)
  An adder zombie (D:9)
  A lava snake zombie (Crypt:1)
  2 adder skeletons
  9 worms
  3 dart slugs
  4 leopard geckos
  110 orcs
  7 bats
  3 giant cockroaches
  22 goblins
  10 hobgoblins
  18 jackals
  7 quokkas
  A ball python (D:4)
  A ball python zombie (D:5)
  4 frilled lizards
  24 kobolds
  An orc skeleton (Crypt:3)
  A quokka skeleton (D:4)
  9 rats
  3 fungi
  A plant (Spider:1)
2676 creatures vanquished.

Vanquished Creatures (collateral kills)
  An ancient lich (Depths:3)
  Mara (Vaults:2)
  A juggernaut (Depths:2)
  Frederick (Vaults:2)
  Margery (Crypt:1)
  A Killer Klown (Zot:1)
  A golden dragon (Depths:4)
  A caustic shrike (Depths:4)
  4 liches
  A tentacled monstrosity (Vaults:5)
  A deep elf blademaster (Elf:2)
  An Orb Guardian (Zot:5)
  2 titans
  A quicksilver dragon (Zot:1)
  The ghost of Vajrapani the Warrior, an adept DrWn of Trog (Swamp:4)
  2 sphinxes
  An ancient champion (Crypt:3)
  A storm dragon (Depths:3)
  A death cob (Zot:5)
  3 shadow dragons
  5 tengu reavers
  6 frost giants
  5 vault wardens
  An orc warlord (Elf:3)
  3 fire giants
  A deep elf sorcerer (Elf:1)
  An iron dragon (Depths:4)
  4 draconian shifters
  3 draconian stormcallers
  2 ironheart preservers (Vaults:4)
  4 draconian annihilators
  A ghoul (Crypt:2)
  A spriggan defender (Depths:2)
  2 entropy weavers (Vaults:1)
  6 very ugly things
  A war gargoyle (Vaults:5)
  8 stone giants
  4 vampire knights
  4 white draconians
  A deep elf demonologist (Vaults:2)
  2 black draconians
  2 deep elf annihilators (Elf:3)
  6 purple draconians
  3 yellow draconians
  4 red draconians
  8 ettins
  2 spark wasps (Depths:4)
  A minotaur (shapeshifter) (Depths:3)
  3 deep elf death magi
  6 yaktaur captains
  A merfolk impaler (Depths:4)
  3 fire dragons
  2 great orbs of eyes
  2 quicksilver dragon zombies
  3 jiangshi
  2 rakshasas
  4 ice dragons
  4 vault guards (D:13)
  3 hydras
  A ghost crab (Swamp:4)
  A death knight (Vaults:3)
  3 spriggan air magi
  16 two-headed ogres
  5 ogre magi
  A centaur warrior (Depths:4)
  2 deep troll earth magi
  4 vampire magi
  2 tengu warriors
  A deep troll shaman (Depths:5)
  A titan zombie (Crypt:3)
  2 spriggan berserkers (Depths:4)
  10 hell knights
  7 deep elf knights
  A flayed ghost (Vaults:4)
  19 skeletal warriors
  7 deep trolls
  A storm dragon skeleton (Crypt:1)
  A salamander mystic (Depths:2)
  3 spriggan druids
  A lindwurm (Swamp:4)
  A swamp dragon (shapeshifter) (Vaults:5)
  6 phantasmal warriors
  4 harpies (Vaults:5)
  2 wizards
  4 swamp dragons
  5 ironbrand convokers
  A shambling mangrove (Swamp:3)
  4 orc knights
  4 necromancers
  A shadow dragon skeleton (Crypt:1)
  19 ugly things
  An orc sorcerer (Vaults:1)
  17 deep elf magi
  A sphinx skeleton (Crypt:1)
  A salamander (Depths:2)
  A fire giant skeleton (Crypt:1)
  6 moths of wrath
  2 vault sentinels
  An orange demon (Depths:4)
  2 spiny frogs
  A shock serpent skeleton (Crypt:3)
  2 freezing wraiths
  9 yaktaurs
  4 tengu conjurers (Depths:2)
  A meliai (shapeshifter) (Vaults:2)
  3 jumping spiders
  A tyrant leech (Swamp:4)
  2 bog bodies (Swamp:3)
  4 hornets
  A blink frog (shapeshifter) (Vaults:1)
  7 slime creatures
  A fire dragon zombie (Crypt:3)
  3 wraiths
  A spriggan (Swamp:3)
  6 water elementals
  2 air elementals
  7 redbacks
  A wyvern (D:15)
  A fire elemental (Zot:4)
  6 vampire mosquitoes
  2 swamp worms (Swamp:4)
  3 soldier ants (Lair:2)
  An acid dragon (Depths:5)
  A swamp drake (Swamp:4)
  8 orc warriors
  A necrophage (Crypt:3)
  An ice beast (D:14)
  A boggart (Elf:1)
  11 ogres
  A centaur (Vaults:1)
  2 elf zombies
  A wyvern skeleton (D:14)
  8 killer bees
  6 wights (D:12)
  3 orc priests
  A demonspawn zombie (Crypt:1)
  A human skeleton (Crypt:1)
  9 worker ants
  An orc wizard (Vaults:5)
  4 orcs
  A rat zombie (Crypt:1)
  A plant (Lair:3)
454 creatures vanquished.

Vanquished Creatures (others)
  An electric golem (Zot:5)
  A deep elf master archer (Elf:3)
  A storm dragon (Depths:4)
  A draconian monk (Zot:1)
  4 stone giants
  A black draconian (Zot:2)
  A white draconian (Zot:5)
  A merfolk javelineer (Depths:2)
  6 yaktaur captains
  A deep elf high priest (Vaults:5)
  A rakshasa (Vaults:1)
  A centaur warrior (D:15)
  A glowing orange brain (Depths:3)
  An ironbrand convoker (Vaults:5)
  A wizard (Depths:2)
  4 deep elf archers
  2 wolf spiders (Spider:3)
  A deep elf mage (Elf:3)
  2 moths of wrath
  A cyclops (Vaults:1)
  7 yaktaurs
  A hornet (shapeshifter) (Vaults:5)
  A tarantella (Spider:3)
  2 redbacks (Spider:3)
  An orc warrior (Elf:3)
  A centaur (Volcano)
  3 killer bees
  A worker ant (Lair:2)
  6 ball lightnings
  An orc (Vaults:1)
  A bush (Lair:3)
  26 fungi
  92 plants
176 creatures vanquished.

Grand Total: 3306 creatures vanquished

Notes
Turn   | Place    | Note
-------+----------+-------------------------------------------
     0 | D:1      | nubinia the Draconian Air Elementalist began the quest for the Orb.
     0 | D:1      | Reached XP level 1. HP: 14/14 MP: 3/3
   261 | D:1      | Reached XP level 2. HP: 20/20 MP: 1/5
   265 | D:1      | Learned a level 2 spell: Repel Missiles
   309 | D:1      | Learned a level 2 spell: Swiftness
   989 | D:1      | Reached XP level 3. HP: 25/26 MP: 2/6
  1752 | D:2      | Reached XP level 4. HP: 33/33 MP: 0/7
  1965 | D:2      | Learned a level 3 spell: Static Discharge
  2332 | D:3      | Found a white marble altar of Elyvilon.
  2362 | D:3      | Noticed dvd's ghost (amateur DsNe)
  2541 | D:3      | Found a shimmering altar of Xom.
  2787 | D:3      | Reached XP level 5. HP: 38/38 MP: 4/9
  2902 | D:3      | Reached skill level 1 in Short Blades
  3090 | D:3      | Reached skill level 3 in Spellcasting
  3756 | D:4      | Noticed Sigmund
  3759 | D:4      | Noticed Blork the orc
  4068 | D:4      | Found a runed door.
  4200 | D:4      | Found a shadowy altar of Dithmenos.
  4202 | D:4      | Noticed Menkaure
  4218 | D:4      | Reached XP level 6. HP: 45/45 MP: 10/10
  4223 | D:4      | Killed Menkaure
  4777 | D:4      | Reached skill level 4 in Spellcasting
  4777 | D:4      | Your scales start taking on a rich purple colour.
  4777 | D:4      | Reached XP level 7. HP: 46/51 MP: 8/14
  4856 | D:4      | Found Qicwa's General Store.
  4857 | D:4      | Noticed Grinder
  5297 | D:5      | Entered Level 5 of the Dungeon
  5325 | D:5      | Reached skill level 5 in Spellcasting
  6180 | D:5      | Reached skill level 5 in Air Magic
  6285 | D:5      | Reached XP level 8. HP: 58/58 MP: 12/16
  6293 | D:5      | Learned a level 3 spell: Mephitic Cloud
  6460 | D:5      | Noticed Duvessa
  6460 | D:5      | Noticed Dowan
  6502 | D:5      | Reached skill level 1 in Fighting
  6728 | D:4      | Bought a +0 pair of boots for 63 gold pieces
  6751 | D:4      | Noticed Robin
  6759 | D:4      | Killed Robin
  6884 | D:4      | Noticed Crazy Yiuf
  6887 | D:4      | Killed Crazy Yiuf
  6926 | D:4      | Killed Blork the orc
  7010 | D:4      | Killed Sigmund
  7010 | D:4      | Reached skill level 6 in Spellcasting
  7240 | D:5      | Killed Duvessa
  7240 | D:5      | Reached skill level 5 in Conjurations
  7350 | D:5      | Killed Dowan
  7485 | D:6      | Noticed Prince Ribbit
  7502 | D:5      | Killed Prince Ribbit
  7608 | D:6      | Reached skill level 7 in Spellcasting
  7637 | D:6      | Reached XP level 9. HP: 64/64 MP: 9/19
  7702 | D:6      | Learned a level 5 spell: Lightning Bolt
  7926 | D:6      | Reached skill level 1 in Maces & Flails
  9221 | D:7      | Reached skill level 8 in Spellcasting
  9314 | D:7      | Found a staircase to the Ecumenical Temple.
  9323 | Temple   | Entered the Ecumenical Temple
  9351 | Temple   | Became a worshipper of Ashenzari the Shackled
  9684 | D:7      | Learned a level 3 spell: Conjure Flame
 10028 | D:7      | Reached XP level 10. HP: 74/74 MP: 7/22
 10363 | D:8      | Noticed Klosterheim's ghost (novice MiFi)
 10522 | D:9      | Found a sacrificial altar of Ru.
 10635 | D:9      | Found Topicho's Assorted Antiques.
 10638 | D:9      | Bought a pair of runed boots for 304 gold pieces
 10638 | D:9      | Bought a scroll of remove curse for 87 gold pieces
 10674 | D:9      | Reached * piety under Ashenzari
 10910 | D:9      | Noticed Gastronok
 11071 | D:8      | Noticed Grum
 11097 | D:8      | Reached skill level 9 in Spellcasting
 11099 | D:8      | Killed Grum
 11230 | D:8      | Killed Klosterheim's ghost
 11241 | D:8      | Found a staircase to the Lair.
 11761 | Lair:1   | Entered Level 1 of the Lair of Beasts
 11801 | Lair:1   | Noticed a spiny frog
 11810 | Lair:1   | Noticed a spiny frog
 12445 | Lair:1   | Reached ** piety under Ashenzari
 12472 | Lair:1   | Reached XP level 11. HP: 59/81 MP: 18/24
 12577 | Lair:1   | Reached skill level 10 in Spellcasting
 12964 | Lair:2   | Reached *** piety under Ashenzari
 12976 | Lair:2   | Noticed a queen ant
 12992 | Lair:2   | Reached skill level 5 in Dodging
 13336 | Lair:2   | Learned a level 2 spell: Poisonous Vapours
 13659 | Lair:2   | Reached skill level 1 in Poison Magic
 14759 | Lair:3   | Reached skill level 11 in Spellcasting
 14784 | Lair:3   | Identified a scroll of acquirement
 15005 | Lair:3   | Found a hole to the Spider Nest.
 15338 | Lair:1   | Reached skill level 10 in Air Magic
 15642 | Lair:2   | Killed a queen ant
 16135 | Lair:3   | Reached XP level 12. HP: 64/91 MP: 8/27
 16411 | Lair:3   | Reached skill level 1 in Shields
 16910 | Lair:3   | Reached skill level 5 in Stealth
 17032 | Lair:3   | Noticed a six-headed hydra
 17049 | Lair:3   | Killed a six-headed hydra
 17159 | Lair:3   | Reached **** piety under Ashenzari
 17316 | Lair:4   | Found a runed door.
 17344 | Lair:4   | Learned a level 2 spell: Blink
 17349 | Lair:4   | Learned a level 4 spell: Cause Fear
 17491 | Lair:4   | Found a staircase to the Swamp.
 17532 | Lair:4   | Gained mutation: Your spells are a little easier to cast, but a little less powerful. [potion of mutation]
 17532 | Lair:4   | Gained mutation: You possess an exceptional clarity of mind. [potion of mutation]
 17532 | Lair:4   | Gained mutation: You have a pair of small horns on your head. [potion of mutation]
 17533 | Lair:4   | Lost mutation: You possess an exceptional clarity of mind. [potion of cure mutation]
 17533 | Lair:4   | Lost mutation: You have a pair of small horns on your head. [potion of cure mutation]
 17533 | Lair:4   | Lost mutation: Your spells are a little easier to cast, but a little less powerful. [potion of cure mutation]
 18005 | Lair:4   | Noticed a six-headed hydra
 18012 | Lair:4   | Killed a six-headed hydra
 18012 | Lair:4   | Reached skill level 12 in Spellcasting
 18012 | Lair:4   | Reached skill level 1 in Hexes
 18165 | Lair:5   | Found a dark tunnel.
 18176 | Volcano  | Entered a volcano
 18192 | Volcano  | Noticed a centaur warrior
 18196 | Volcano  | Killed a centaur warrior
 18208 | Volcano  | Found a radiant altar of Vehumet.
 18208 | Volcano  | Noticed a red draconian
 18234 | Volcano  | Killed a red draconian
 19383 | Lair:6   | Entered Level 6 of the Lair of Beasts
 19652 | Lair:6   | Found a staircase to the Slime Pits.
 19652 | Lair:6   | Noticed a death yak
 19652 | Lair:6   | Noticed a death yak
 19652 | Lair:6   | Noticed a death yak
 19654 | Lair:6   | Killed a death yak
 19655 | Lair:6   | Killed a death yak
 19655 | Lair:6   | Reached skill level 10 in Conjurations
 19655 | Lair:6   | Reached XP level 13. HP: 99/99 MP: 13/29
 19782 | Lair:6   | Reached ***** piety under Ashenzari
 21016 | D:9      | Found a hide-covered altar of Uskayaw.
 21036 | D:9      | Found a blossoming altar of Fedhas.
 21036 | D:9      | Found a burning altar of Makhleb.
 21206 | D:10     | Entered Level 10 of the Dungeon
 21400 | D:10     | Reached skill level 13 in Spellcasting
 21638 | D:10     | Found Xunoush's Magic Scroll Shoppe.
 21644 | D:10     | Bought a scroll of remove curse for 36 gold pieces
 21725 | D:10     | Reached skill level 5 in Fighting
 21804 | D:10     | Reached skill level 5 in Hexes
 22212 | D:11     | Found a staircase to the Orcish Mines.
 22773 | Orc:1    | Entered Level 1 of the Orcish Mines
 22912 | Orc:1    | Noticed an ettin
 22980 | Orc:1    | Killed an ettin
 23235 | Orc:1    | Reached skill level 5 in Short Blades
 23267 | Orc:1    | Found a roughly hewn altar of Beogh.
 23547 | Orc:2    | Entered Level 2 of the Orcish Mines
 24133 | Orc:2    | Found Okladghott's General Store.
 24314 | Orc:2    | Found Zacwuba's General Store.
 24842 | Orc:2    | Bought a scroll of remove curse for 42 gold pieces
 25208 | Orc:2    | Reached XP level 14. HP: 107/107 MP: 24/31
 25303 | Orc:2    | Found a staircase to the Elven Halls.
 25340 | Orc:2    | Found a deep blue altar of Sif Muna.
 25352 | Orc:2    | Identified Sif Muna's Disquisition on Ignition
 26077 | Orc:2    | Noticed a stone giant
 26851 | Orc:2    | Found Yrghituf's Gadget Emporium.
 26851 | Orc:2    | Found Giemyuqa's Antique Weapon Shoppe.
 26851 | Orc:2    | Found a one-way gate leading to the halls of Pandemonium.
 28254 | Lair:6   | Reached skill level 14 in Spellcasting
 29934 | Spider:1 | Entered Level 1 of the Spider Nest
 30209 | Lair:2   | Reached XP level 15. HP: 77/115 MP: 21/33
 30608 | Spider:1 | Learned a level 2 spell: Slow
 30925 | Spider:1 | Identified the +1 buckler of Happy Babbling {rElec rC+ Regen+ Slay-4}
 31355 | Spider:1 | Identified the +2 helmet "Ururischy" {Regen+}
 31982 | Spider:1 | Noticed Donald
 32009 | Spider:1 | Killed Donald
 32092 | Spider:1 | Noticed Azrael
 32096 | Spider:1 | Killed Azrael
 33341 | Spider:2 | Learned a level 3 spell: Confuse
 34031 | Spider:3 | Noticed Nikola
 34364 | Spider:2 | Reached skill level 5 in Shields
 35021 | Spider:3 | Killed Nikola
 35495 | Spider:3 | Gained mutation: Your spells are a little easier to cast, but a little less powerful. [potion of mutation]
 35495 | Spider:3 | Gained mutation: Your spells are easier to cast, but less powerful. [potion of mutation]
 35495 | Spider:3 | Gained mutation: You are resistant to hostile enchantments. (MR+) [potion of mutation]
 35517 | Spider:3 | Reached skill level 1 in Evocations
 35781 | Spider:3 | Reached XP level 16. HP: 124/124 MP: 28/34
 35939 | Spider:3 | Upgraded the game from 0.20-a0-537-g052e6ba to 0.20-a0-540-ge6d1839
 35946 | Spider:4 | Entered Level 4 of the Spider Nest
 36619 | Spider:4 | Reached skill level 15 in Spellcasting
 36815 | Spider:4 | Noticed Arachne
 37244 | Spider:4 | Reached skill level 10 in Short Blades
 37671 | Spider:4 | Reached skill level 10 in Stealth
 38351 | Spider:3 | Killed Arachne
 39573 | Spider:4 | Reached skill level 10 in Fighting
 40022 | Spider:4 | Got a gossamer rune of Zot
 40223 | Swamp:1  | Entered Level 1 of the Swamp
 40291 | Swamp:1  | Learned a level 4 spell: Summon Lightning Spire
 40824 | Swamp:1  | Identified the cursed +1 buckler "Aklydofa" {+Fly} (You acquired it on level 1 of the Swamp)
 41529 | Swamp:1  | Reached XP level 17. HP: 140/140 MP: 24/36
 42022 | Swamp:2  | Upgraded the game from 0.20-a0-540-ge6d1839 to 0.20-a0-544-g2b9a704
 43180 | Swamp:3  | Reached skill level 1 in Summonings
 43533 | Swamp:3  | Noticed Roxanne
 43692 | Swamp:3  | Reached skill level 16 in Spellcasting
 43699 | Swamp:3  | Reached ****** piety under Ashenzari
 43962 | Swamp:4  | Entered Level 4 of the Swamp
 43974 | Swamp:4  | Noticed Vajrapani's ghost (adept DrWn)
 46526 | Swamp:4  | Killed Vajrapani's ghost
 46734 | Swamp:4  | Learned a level 5 spell: Yara's Violent Unravelling
 47751 | Swamp:4  | Got a decaying rune of Zot
 48293 | Elf:1    | Entered Level 1 of the Elven Halls
 49058 | Elf:1    | Reached skill level 10 in Dodging
 49271 | Elf:1    | Reached XP level 18. HP: 145/151 MP: 34/38
 49339 | Elf:1    | Found Atuahi's Weapon Emporium.
 49774 | Elf:1    | Lost mutation: Your spells are easier to cast, but less powerful. [a neqoxec]
 49775 | Elf:1    | Gained mutation: Your body sometimes deteriorates upon taking damage. [a neqoxec]
 50528 | Elf:1    | Identified the Incunabulum of Warped Transmutation
 50535 | Elf:1    | Learned a level 4 spell: Passage of Golubria
 50634 | Elf:2    | Reached skill level 1 in Translocations
 51012 | Elf:2    | Found Tetiddif's Antique Weapon Emporium.
 51022 | Elf:2    | Bought a dazzling long sword for 246 gold pieces
 51022 | Elf:2    | Identified the +7 long sword "Deemm" {slice, *Drain rC+ Str+4} (You bought it in a shop on level 2 of the Elven Halls)
 52224 | Elf:2    | Found a huge runed gate.
 52226 | Elf:2    | Found a huge runed gate.
 52229 | Elf:2    | Found a huge runed gate.
 52270 | Elf:3    | Entered Level 3 of the Elven Halls
 53684 | Elf:3    | Reached skill level 17 in Spellcasting
 54154 | Elf:3    | Upgraded the game from 0.20-a0-544-g2b9a704 to 0.20-a0-548-g4f8a798
 55955 | D:12     | Found Pataxocsu's Weapon Shop.
 56680 | D:13     | Noticed Sonja
 56687 | D:13     | Killed Sonja
 56697 | D:13     | Lost mutation: Your body sometimes deteriorates upon taking damage. [potion of cure mutation]
 56697 | D:13     | Lost mutation: Your spells are a little easier to cast, but a little less powerful. [potion of cure mutation]
 56697 | D:13     | Lost mutation: You are resistant to hostile enchantments. (MR+) [potion of cure mutation]
 56735 | D:13     | Reached XP level 19. HP: 161/161 MP: 22/40
 56751 | D:13     | Found a gate to the Vaults.
 57408 | D:13     | Found Jam Fuz's Assorted Antiques.
 57416 | D:13     | Bought a golden potion for 30 gold pieces
 57416 | D:13     | Bought a large peridot ring for 170 gold pieces
 57418 | D:13     | Bought a ring of evasion for 68 gold pieces
 57487 | D:13     | Reached skill level 1 in Charms
 57634 | Vaults:1 | Entered Level 1 of the Vaults
 57659 | Vaults:1 | Found a ruined gateway.
 57829 | Desolati | Entered the Desolation of Salt
 58498 | Vaults:1 | Reached skill level 15 in Air Magic
 58727 | Vaults:1 | Learned a level 2 spell: Shroud of Golubria
 58731 | Vaults:1 | Learned a level 3 spell: Regeneration
 58897 | Vaults:1 | Reached skill level 5 in Translocations
 58927 | Vaults:1 | Found Jattich's Assorted Antiques.
 58939 | Vaults:1 | Bought a scorched battleaxe for 276 gold pieces
 58939 | Vaults:1 | Identified the cursed +1 battleaxe "Hulk" {chop, +Rage rC+} (You bought it in a shop on level 1 of the Vaults)
 58939 | Vaults:1 | Bought a pair of glowing boots for 252 gold pieces
 58939 | Vaults:1 | Bought a phantom mirror for 720 gold pieces
 59526 | Vaults:1 | Reached skill level 10 in Shields
 60174 | Vaults:1 | Reached skill level 18 in Spellcasting
 60814 | Vaults:2 | Reached skill level 1 in Fire Magic
 60895 | Vaults:2 | Found a staircase to the Crypt.
 61014 | Vaults:2 | Noticed Mara
 61099 | Vaults:2 | Identified the cursed +1 arbalest of Destruction {elec, rN+ MR+ Str-3 Dex+4}
 61534 | Vaults:2 | Killed Mara
 61585 | Vaults:2 | Noticed Sojobo
 61675 | Vaults:3 | Found a flickering gateway to a bazaar.
 61708 | Bazaar   | Entered a bazaar
 61735 | Bazaar   | Found Tauf's Book Shoppe.
 61750 | Bazaar   | Found Bannudi's Weapon Shoppe.
 61750 | Bazaar   | Found Caowovi's Magic Scroll Emporium.
 61795 | Bazaar   | Bought a scroll of summoning for 95 gold pieces
 61795 | Bazaar   | Bought a scroll of enchant armour for 75 gold pieces
 61810 | Bazaar   | Bought a book of Enchantments for 650 gold pieces
 61962 | Vaults:3 | Reached XP level 20. HP: 160/172 MP: 23/42
 62476 | Vaults:3 | Learned a level 6 spell: Deflect Missiles
 62832 | Vaults:3 | Upgraded the game from 0.20-a0-548-g4f8a798 to 0.20-a0-550-gf70bbbc
 64273 | Vaults:2 | Killed Sojobo
 64286 | Vaults:2 | Reached skill level 19 in Spellcasting
 64526 | Vaults:2 | Noticed Frederick
 64542 | Vaults:2 | Killed Frederick
 65167 | Crypt:1  | Entered Level 1 of the Crypt
 65720 | Crypt:1  | Noticed Margery
 65730 | Crypt:1  | Killed Margery
 66333 | Crypt:1  | Identified the +4 hand axe of the Shining Light {chop, *Noise rElec rC+++ Str+7} (You took it off a skeletal warrior on level 1 of the Crypt)
 67256 | Crypt:2  | Noticed a greater mummy
 67302 | Crypt:2  | Reached XP level 21. HP: 157/181 MP: 36/44
 68467 | Vaults:4 | Reached skill level 5 in Summonings
 68556 | Vaults:4 | Learned a level 3 spell: Stone Arrow
 68731 | Vaults:4 | Reached skill level 1 in Necromancy
 68731 | Vaults:4 | Reached skill level 1 in Earth Magic
 68777 | Vaults:4 | Reached XP level 22. HP: 190/190 MP: 32/45
 68897 | Vaults:4 | Reached skill level 20 in Spellcasting
 70671 | Elf:3    | Learned a level 5 spell: Fireball
 70705 | Elf:3    | Identified the cursed -7 helmet of the Crypt {rC+ rN+ Str+2}
 70715 | Elf:3    | Identified Sif Muna's Catalogue of Spatial Ice
 70739 | Elf:3    | Identified Kuss's Catalogue of Helpful Intoxication
 70742 | Elf:3    | Identified the Disquisition on Damage Dealing and Execration
 70932 | Orc:2    | Learned a level 4 spell: Airstrike
 71969 | Orc:2    | Learned a level 4 spell: Force Lance
 74275 | Crypt:2  | Reached XP level 23. HP: 192/198 MP: 16/47
 74391 | Crypt:2  | Noticed Bai Suzhen
 74392 | Crypt:2  | Reached skill level 15 in Fighting
 74432 | Crypt:2  | Killed Bai Suzhen
 74856 | Crypt:2  | Reached skill level 21 in Spellcasting
 75197 | Crypt:2  | Noticed Khufu
 75203 | Crypt:3  | Entered Level 3 of the Crypt
 76810 | Crypt:3  | Noticed an ancient lich
 76816 | Crypt:3  | Killed an ancient lich
 76863 | Crypt:3  | Found a basalt altar of Yredelemnul.
 76868 | Crypt:3  | Found a staircase to the Tomb.
 77740 | Crypt:3  | Identified the Collected Works on Dark Secrets
 77748 | Crypt:3  | Learned a level 5 spell: Bolt of Draining
 77750 | Crypt:3  | Learned a level 1 spell: Animate Skeleton
 77985 | Crypt:3  | Identified the amulet of the Skies Above {+Blink +Inv rPois Regen+ Str-2}
 78000 | Crypt:3  | Identified the ring of Dishonour {rPois rC- rN+ MR- Str+10}
 78000 | Crypt:3  | Identified the ring "Iwnudw Duhyo" {rC+ rN+ Str-5 Dex+5}
 78282 | Crypt:2  | Noticed a greater mummy
 79024 | D:14     | Gained mutation: Your natural rate of healing is unusually fast. [potion of mutation]
 79024 | D:14     | Gained mutation: You are dopey. (Int -2) [potion of mutation]
 79024 | D:14     | Gained mutation: You passively map a small area around you. [potion of mutation]
 79025 | D:14     | Gained mutation: Your muscles are strong. (Str +2) [potion of beneficial mutation]
 79226 | Elf:1    | Gained mutation: Your spells are a little harder to cast, but a little more powerful. [potion of beneficial mutation]
 79227 | Elf:1    | Lost mutation: You are dopey. (Int -2) [potion of beneficial mutation]
 79651 | D:14     | Found a portal to a secret trove of treasure.
 80471 | D:15     | Entered Level 15 of the Dungeon
 80471 | D:15     | Noticed Josephine
 80671 | D:15     | Killed Josephine
 81039 | D:15     | Found a staircase to the Depths.
 81160 | Depths:1 | Entered Level 1 of the Depths
 81192 | Depths:1 | Reached skill level 22 in Spellcasting
 81234 | Depths:1 | Found a one-way gate to the infinite horrors of the Abyss.
 81373 | Depths:1 | Noticed Asterion
 81382 | Depths:1 | Killed Asterion
 81846 | Depths:1 | Found a gateway to Hell.
 81955 | Depths:1 | Upgraded the game from 0.20-a0-550-gf70bbbc to 0.20-a0-553-g9f38e11
 82010 | Depths:1 | Reached XP level 24. HP: 210/210 MP: 26/49
 83170 | Depths:2 | Found a runed door.
 83192 | Depths:2 | Noticed DEFE's ghost (adept DEAK)
 83594 | Depths:2 | Noticed a juggernaut
 84013 | Depths:2 | Killed DEFE's ghost
 84198 | Depths:2 | Killed a juggernaut
 84466 | Depths:2 | Reached skill level 23 in Spellcasting
 84520 | Depths:3 | Identified the +9 long sword "Murmur" {freeze, Int+6}
 84738 | Depths:2 | Reached skill level 15 in Shields
 84855 | Depths:2 | Noticed a juggernaut
 84886 | Depths:2 | Killed a juggernaut
 85148 | Depths:2 | Identified the ring "Yxtug" {rPois Int+4} (You took it off a fire giant on level 2 of the Depths)
 85275 | Depths:2 | Identified the ring "Ucwaf" {rCorr +Inv rC- Int+4 Dex+2}
 85288 | Depths:2 | Identified the ring of the Tired Stories {*Tele Str+3 Dex+4}
 85340 | Depths:2 | Identified the ring of Pyromania {Int-2 Dex+4 Slay+5 SInv Stlth+}
 86054 | Depths:3 | Reached XP level 25. HP: 218/218 MP: 18/50
 86055 | Depths:3 | Found a burning altar of Makhleb.
 86222 | Depths:3 | Found a burning altar of Makhleb.
 86232 | Depths:3 | Reached skill level 1 in Summonings
 86299 | Depths:3 | Noticed an ancient lich
 86319 | Depths:3 | Killed an ancient lich
 86602 | Depths:3 | Found a shimmering altar of Xom.
 86627 | Depths:3 | Reached skill level 24 in Spellcasting
 86949 | Depths:3 | Found a shattered altar of Ashenzari.
 86976 | Depths:3 | Learned a level 5 spell: Iskenderun's Battlesphere
 86982 | Depths:3 | Learned a level 4 spell: Iskenderun's Mystic Blast
 87055 | Depths:3 | Found Anaask's Assorted Antiques.
 87055 | Depths:3 | Found Ehiho's Armour Boutique.
 87055 | Depths:3 | Found Fiahej's Book Boutique.
 87055 | Depths:3 | Found Daimoiq's Distillery.
 87062 | Depths:3 | Bought the +2 hat of the Bear Spirit {Spirit, +Rage rN+ MR++} for 821 gold pieces
 87064 | Depths:3 | Bought a potion of heal wounds for 120 gold pieces
 87442 | Depths:4 | Found a magical portal.
 87483 | WizLab   | Entered Iskenderun's Mystic Tower
 89094 | WizLab   | Identified Iskenderun's Grimoire of Conjuration
 89094 | WizLab   | Identified Iskenderun's Grimoire of Confrontation
 89489 | D:13     | Bought a potion of heal wounds for 170 gold pieces
 89489 | D:13     | Bought a scroll of remove curse for 102 gold pieces
 89605 | Orc:2    | Bought a potion of heal wounds for 70 gold pieces
 89800 | D:14     | You paid a toll of 12 potions of heal wounds to enter a treasure trove
 89801 | Trove    | Entered a treasure trove
 89807 | Trove    | Identified the cursed ring "Loiloh" {Fire +Inv Dex+7}
 89807 | Trove    | Identified the +1 hand crossbow "Yfuoff" {venom, rF- MR++}
 89807 | Trove    | Identified the cursed +0 pair of gloves "Fuoguos" {rF- rN+ Int+3}
 89842 | D:14     | Upgraded the game from 0.20-a0-553-g9f38e11 to 0.20-a0-556-g892c87b
 90104 | Depths:4 | Found a gateway to a ziggurat.
 90216 | Depths:4 | Reached skill level 10 in Short Blades
 90853 | Depths:4 | Noticed a juggernaut
 90913 | Depths:4 | Found Pej Qiux's Distillery.
 90916 | Depths:4 | Bought a potion of beneficial mutation for 490 gold pieces
 90916 | Depths:4 | Gained mutation: You are agile. (Dex +2) [potion of beneficial mutation]
 90958 | Depths:4 | Learned a level 6 spell: Freezing Cloud
 91188 | Depths:4 | Found Loufay's Assorted Antiques.
 91196 | Depths:4 | Bought 3 scrolls of remove curse for 333 gold pieces
 91196 | Depths:4 | Bought a potion of cancellation for 296 gold pieces
 91196 | Depths:4 | Bought a scroll of teleportation for 111 gold pieces
 91196 | Depths:4 | Bought a scroll of remove curse for 111 gold pieces
 91860 | Depths:4 | Noticed a juggernaut
 91866 | Depths:4 | Killed a juggernaut
 91866 | Depths:4 | Reached skill level 15 in Short Blades
 91866 | Depths:4 | Reached XP level 26. HP: 206/228 MP: 5/51
 91880 | Depths:4 | Killed a juggernaut
 92671 | Vaults:5 | Entered Level 5 of the Vaults
 93256 | Vaults:5 | Found Fuzyp's Magic Scroll Boutique.
 93384 | Vaults:5 | Identified the ring "Ralooh" {rElec rC+ MR+ Dex+5}
 93390 | Vaults:5 | Identified the +7 morningstar of the Establishment {pain, MR+}
 93534 | Vaults:5 | Identified the +6 rapier "Vyocuwo" {vamp, rF+ rC- SInv}
 93596 | Vaults:5 | Noticed Xtahua
 93612 | Vaults:5 | Killed Xtahua
 93639 | Vaults:5 | Gained mutation: Your mind is acute. (Int +2) [potion of beneficial mutation]
 94044 | Vaults:5 | Identified the amulet of the Albatross {RegenMP rPois rF+ Str+2 Dex+3}
 94239 | Vaults:5 | Identified the amulet "Xeupya Liut" {Harm *Drain Int+2}
 94244 | Vaults:5 | Identified the Tome of Displacement
 94276 | Vaults:5 | Learned a level 1 spell: Apportation
 94711 | Vaults:5 | Got a silver rune of Zot
 94909 | Vaults:5 | Found Pine Eke's Magic Scroll Emporium.
 95089 | Vaults:5 | Reached XP level 27. HP: 248/248 MP: 50/51
 95158 | Vaults:5 | Found Noijif's Distillery.
 95158 | Vaults:5 | Found Eguewask's Magic Scroll Shoppe.
 95181 | Vaults:5 | Bought 2 potions of resistance for 380 gold pieces
 95181 | Vaults:5 | Bought a potion of cure mutation for 475 gold pieces
 95546 | Depths:5 | Entered Level 5 of the Depths
 96566 | Depths:5 | Reached skill level 25 in Spellcasting
 97324 | Depths:5 | Found a gate to the Realm of Zot.
 97528 | Zot:1    | Entered Level 1 of the Realm of Zot
 98780 | Zot:1    | Identified the cursed +2 shortbow "Zeluent" {freeze, rElec rPois rC-}
 98842 | Zot:1    | Reached skill level 26 in Spellcasting
 99113 | Zot:1    | Noticed an orb of fire
 99130 | Zot:1    | Killed an orb of fire
 99625 | Elf:1    | Learned a level 2 spell: Passwall
100911 | Zot:2    | Reached skill level 15 in Stealth
102758 | Zot:2    | Reached skill level 27 in Spellcasting
104187 | Zot:3    | Reached skill level 5 in Evocations
106143 | Zot:5    | Entered Level 5 of the Realm of Zot
106158 | Zot:5    | Noticed tsouns's ghost (legendary DsWr)
106893 | Zot:5    | Killed tsouns's ghost
107809 | Zot:5    | Noticed an orb of fire
107814 | Zot:5    | Gained mutation: You expend magic power (3 MP) to strengthen your wands. [an orb of fire]
107815 | Zot:5    | Gained mutation: Potions are less effective at restoring your health. [an orb of fire]
107828 | Zot:5    | Gained mutation: You tend to lose your temper in combat. [an orb of fire]
107829 | Zot:5    | Killed an orb of fire
108007 | Zot:5    | Noticed an ancient lich
108011 | Zot:5    | Killed an ancient lich
108139 | Zot:5    | Noticed an ancient lich
108153 | Zot:5    | Killed an ancient lich
108525 | Zot:5    | Got the Orb of Zot
108561 | Zot:5    | Noticed an ancient lich
108570 | Zot:5    | Noticed an orb of fire
108669 | Zot:3    | Noticed Wiog the pandemonium lord
109039 | D:9      | Noticed Odurph the pandemonium lord
109269 | D:2      | Noticed Ruidd the pandemonium lord
109375 | D:$      | Escaped with the Orb!

Vault maps used:
D:1:      elethiomel_arrival_quiet
D:2:      serial_forest, infiniplex_forest_lined_room_3,
          infiniplex_forest_clump_small, infiniplex_forest_lined_2,
          infiniplex_forest_lined_ring, infiniplex_forest_fountain,
          infiniplex_forest_corner_2
D:3:      elyvilon_altar_5, xom_teletrap_fun
D:4:      serial_shops, shop, nicolae_dithmenos_through_a_glass_darkly,
          uniq_blork_the_orc, uniq_sigmund, uniq_grinder, uniq_robin,
          uniq_crazy_yiuf_cottage, uniq_menkaure
D:5:      first_bread, uniq_duvessa
D:6:      hangedman_cross_stitches, uniq_prince_ribbit1
D:7:      minmay_temple_entry_mist
D:8:      lair_entry_dummy, uniq_grum
D:9:      kennysheep_mini, overflow_temple_1_default,
          gammafunk_temple_overflow_wave, serial_shops, shop, uniq_gastronok
D:10:     serial_shops, nicolae_shop_crystal
D:11:     orc_0_dummy, grunt_ogre_cave
D:12:     serial_shops, nicolae_shop_statue_plus, minmay_fire_ice_demons
D:13:     erik_vaults_2, serial_shops, shop, uniq_sonja
D:14:     enter_trove_0, minivault_19
D:15:     grunt_enter_depths_snipers, minmay_misc_feat_encased, uniq_josephine
Temple:   nicolae_temple_elliptical
Lair:1:   serial_bayou_shore_b
Lair:2:   zaba_anthell
Lair:3:   spider_nest_entry_a
Lair:4:   swamp_mist, pf_torpor_hydra
Lair:5:   enter_volcano_4
Lair:6:   minmay_lair_end_frog_pond, slime_dummy, minmay_lair_oklob_items,
          serial_bayou_lake_a
Swamp:1:  hangedman_swamp_lotus, infiniplex_staircase_pool
Swamp:2:  hangedman_swamp_pad, swamp_pool1
Swamp:3:  evilmike_swamp_ruin_rubble_2, uniq_roxanne
Swamp:4:  swamp_alternative, swamp_pool1, ldierk_geyser
Spider:1: worms_lemuel, hangedman_spider_tarantella_strand, uniq_azrael,
          uniq_donald
Spider:2: nicolae_spider_circle_web
Spider:3: uniq_nikola
Spider:4: grunt_spider_rune_circles, uniq_arachne
Orc:1:    basic_altar
Orc:2:    pf_orc_diabolical, led_sif_book
Elf:1:    serial_shops, shop, special_room, hangedman_elf_disciples,
          lemuel_flamethrower_3
Elf:2:    serial_shops, nicolae_shop_crystal, spider_trap
Elf:3:    elf_hall, special_room
Vaults:1: st_quartered_hall, ontoclasm_vaults_spin,
          ontoclasm_vaults_claustrophobia, ontoclasm_vaults_fault,
          dpeg_vaults_monster_box, v_misc_3, hangedman_vaults_stagger,
          ontoclasm_vaults_misaligned, vaults_room_fancy_cross,
          vaults_dpeg_cross, vaults_room_grunt_arrival_ludios,
          portal_desolation_entry_twin_temple, serial_shops,
          nicolae_shop_overgrown_old_shop
Vaults:2: hangedman_vaults_cutoff, v_misc_9, vaults_room_stairs_pillars,
          nicolae_vaults_network_quinsquares, vaults_room_octagon,
          vaults_standard_mumra_enter_the_diamond, grunt_vaults_diagonal,
          minmay_crypt_entry_simple_walls, nicolae_vaults_yaktaur_gun_rack,
          v_misc_4, grunt_vaults_focal, uniq_frederick, uniq_sojobo, uniq_mara
Vaults:3: nicolae_vaults_specimen_jars, grunt_vaults_trifunnel,
          grunt_vaults_bifocal, v_rooms_6, ontoclasm_vaults_shout,
          nicolae_vaults_big_angled_halls, nicolae_vaults_network_barrier,
          nicolae_vaults_border_crossing, vaults_room_fours,
          hangedman_vaults_cutoff, vaults_dpeg_encased_lava,
          nicolae_vaults_little_squares_1, ontoclasm_vaults_idyll, serial_shops,
          bzr_entry_road
Vaults:4: vaults_mumra_chevron, nicolae_vaults_stairing_the_circle, v_misc_4,
          vaults_mumra_hexcomb, v_misc_17, nicolae_vaults_little_squares_1,
          vaults_room_hallway
Vaults:5: uniq_xtahua
Crypt:1:  minmay_skeleton_keep, grunt_crypt_arrival_split, uniq_margery
Crypt:2:  uniq_khufu, uniq_bai_suzhen
Crypt:3:  cryptofortress_bobbens
Depths:1: grunt_decor_arrowhead, grunt_hell_entry_dis_grunt, abyss_entry,
          statue_in_the_mist_lemuel, minmay_misc_feat_plants, st_stairs_4,
          hangedman_abyss_or_decor_slice, serial_sigils_hangedman_gut,
          kennysheep_potato, uniq_asterion
Depths:2: box_level_dp, hell_entry
Depths:3: hangedman_box_tower, hell_entry, rand_demon_pan_entry_7
Depths:4: gammafunk_depths_water_palace, enter_ziggurat_c, hell_entry,
          infiniplex_enter_wizlab_spiral, serial_shops,
          nicolae_shop_window_shopping, kennysheep_mini_moat, abyss_entry,
          rand_demon_pan_entry_5
Depths:5: evilmike_zot_entry_gauntlet, hangedman_abyss_or_decor_stabs,
          rand_demon_pan_entry_8, hell_entry, nicolae_wwwww,
          serial_bayou_shore_a
Zot:1:    grunt_zot_stairs_faceoff
Zot:2:    infiniplex_zot_generator, nicolae_lava_and_water
Zot:3:    zot_minivault_7
Zot:4:    lemuel_firehouse
Bazaar:   bazaar_short_row
Trove:    trove_simple
Volcano:  kennysheep_volcano_temple
WizLab:   wizlab_iskenderun

Skill      XL: |  1  2  3  4  5  6  7  8  9 10 11 12 13 14 15 16 17 18 19 20 21 22 23 24 25 26 27 |
---------------+----------------------------------------------------------------------------------+-----
Dodging        | 2 3 4 5 6 7 8 9 10 11 14 | 14.8
Stealth        | 2 3 4 6 7 8 9 10 11 12 13 14 16 | 16.9
Conjurations   | 2 3 4 5 6 7 9 10 11 12 13 14 | 14.0
Short Blades   | 1 2 3 5 7 9 7 15 12 | 12.1
Spellcasting   | 3 4 5 7 8 9 11 12 13 14 15 16 17 18 19 20 22 23 24 27 | 27.0
Air Magic      | 4 5 6 7 8 10 11 12 13 14 15 16 18 20 22 | 22.8
Fighting       | 1 2 3 4 5 6 10 11 12 13 14 15 16 17 20 23 | 23.2
Maces & Flails | 3 4 |  4.5
Poison Magic   | 1 |  1.0
Shields        | 1 2 3 5 7 8 9 10 11 13 14 15 16 19 | 19.2
Hexes          | 3 6 7 |  7.2
Evocations     | 1 2 3 4 9 |  9.7
Summonings     | 2 3 4 5 0 1 |  1.9
Translocations | 4 6 7 |  7.5
Charms         | 1 2 3 |  3.2
Fire Magic     | 1 2 |  2.0
Necromancy     | 1 2 4 |  4.0
Earth Magic    | 1 |  1.1

Action                   |  1- 3 |  4- 6 |  7- 9 | 10-12 | 13-15 | 16-18 | 19-21 | 22-24 | 25-27 || total
-------------------------+-------+-------+-------+-------+-------+-------+-------+-------+-------++-------
Melee: Club              |    19 |       |   129 |   501 |   289 |       |       |       |       ||   938
       Tailslap          |     5 |     4 |    16 |    70 |   326 |   458 |   496 |   673 |  1381 ||  3429
       Short sword       |     8 |    71 |    64 |       |       |       |       |       |       ||   143
       Knife             |       |       |       |       |  1835 |  2530 |  2172 |  2806 |  4432 || 13775
 Cast: Shock             |    82 |   135 |   313 |   522 |   738 |   435 |   223 |   103 |    92 ||  2643
       Repel Missiles    |     1 |       |       |       |     2 |     1 |     2 |       |       ||     6
       Static Discharge  |       |       |    24 |    63 |    87 |    89 |       |       |       ||   263
       Swiftness         |       |       |     2 |     3 |     5 |     5 |     5 |     4 |     1 ||    25
       Mephitic Cloud    |       |       |     5 |    80 |   176 |   108 |   126 |    98 |   115 ||   708
       Conjure Flame     |       |       |     1 |     6 |     6 |     8 |    35 |    33 |       ||    89
       Poisonous Vapours |       |       |       |     6 |    62 |   226 |   109 |   107 |    34 ||   544
       Lightning Bolt    |       |       |       |    13 |    23 |    99 |    24 |     5 |     1 ||   165
       Blink             |       |       |       |       |     3 |     7 |     1 |     2 |     2 ||    15
       Cause Fear        |       |       |       |       |     1 |     4 |       |       |       ||     5
       Confuse           |       |       |       |       |     1 |       |       |       |       ||     1
       Summon Lightning  |       |       |       |       |       |    88 |   101 |    91 |    56 ||   336
       Yara's Violent Un |       |       |       |       |       |     1 |       |       |       ||     1
       Regeneration      |       |       |       |       |       |       |    10 |    14 |     7 ||    31
       Shroud of Golubri |       |       |       |       |       |       |     4 |     4 |     7 ||    15
       Deflect Missiles  |       |       |       |       |       |       |     1 |     3 |    16 ||    20
       Stone Arrow       |       |       |       |       |       |       |     7 |     5 |       ||    12
       Airstrike         |       |       |       |       |       |       |       |   286 |   369 ||   655
       Fireball          |       |       |       |       |       |       |       |    30 |    12 ||    42
       Force Lance       |       |       |       |       |       |       |       |    86 |   151 ||   237
       Animate Skeleton  |       |       |       |       |       |       |       |    96 |   263 ||   359
       Bolt of Draining  |       |       |       |       |       |       |       |    47 |   157 ||   204
       Iskenderun's Batt |       |       |       |       |       |       |       |       |   124 ||   124
       Freezing Cloud    |       |       |       |       |       |       |       |       |    38 ||    38
       Iskenderun's Myst |       |       |       |       |       |       |       |       |   180 ||   180
       Passwall          |       |       |       |       |       |       |       |       |     6 ||     6
Invok: Curse Item        |       |       |     1 |     5 |     5 |       |       |     1 |     3 ||    15
       Transfer Knowledg |       |       |       |       |       |     1 |       |     2 |     1 ||     4
       Scrying           |       |       |       |       |       |       |       |       |     1 ||     1
 Abil: Breathe Dispellin |       |       |     3 |    15 |     7 |     1 |     3 |     8 |     9 ||    46
Evoke: Wand              |       |       |     3 |     7 |       |    15 |    21 |     9 |    41 ||    96
       Phial of floods   |       |       |       |       |     1 |     2 |     2 |       |       ||     5
       Lightning rod     |       |       |       |       |       |    12 |     7 |    17 |     5 ||    41
       Lamp of fire      |       |       |       |       |       |       |     3 |     3 |     2 ||     8
       Sack of spiders   |       |       |       |       |       |       |       |       |     1 ||     1
  Use: Scroll            |     1 |     5 |     4 |    18 |     9 |    11 |     8 |    15 |    23 ||    94
       Potion            |       |       |     1 |    12 |    12 |     6 |     5 |     7 |    12 ||    55
 Stab: Sleeping          |       |       |     2 |     1 |    22 |    35 |    45 |    23 |    48 ||   176
       Confused          |       |       |       |    25 |   136 |    71 |    54 |    67 |   127 ||   480
       Distracted        |       |       |       |     1 |     5 |    32 |    38 |    32 |   103 ||   211
       Invisible         |       |       |       |     1 |     3 |       |       |       |       ||     4
  Eat: Chunk             |     4 |     9 |    18 |    30 |    53 |    57 |    37 |    40 |    72 ||   320
       Royal jelly       |       |       |       |     3 |       |     1 |       |     3 |     1 ||     8
       Fruit             |       |       |       |       |     4 |    13 |     2 |     1 |       ||    20
       Bread ration      |       |       |       |       |       |       |     1 |     1 |       ||     2
       Meat ration       |       |       |       |       |       |       |       |     2 |     2 ||     4
Armor: Skin              |     8 |    23 |    71 |   163 |   286 |   275 |   129 |   192 |   268 ||  1415
Dodge: Dodged            |    20 |    53 |   152 |   396 |  1261 |  1422 |   758 |  1300 |  2419 ||  7781
       Deflected         |       |     1 |     7 |     6 |    10 |    24 |    16 |    34 |   127 ||   225
Block: Buckler           |       |       |       |    57 |   534 |       |       |       |       ||   591
       Reflection        |       |       |       |       |     9 |    38 |    54 |    63 |    88 ||   252
       Shield            |       |       |       |       |    88 |  1449 |  1042 |  2096 |  3190 ||  7865
